 Dungeon Crawl Stone Soup version 0.20-a0-1026-gc3ddcbd (webtiles) character file.

1052 Ordine the Basher (level 8, -4/46 HPs)
             Began as a Gargoyle Fighter on Apr 20, 2017.
             Was an Initiate of Gozag.
             Splashed by a jelly's acid (9 damage)
             ... on level 6 of the Dungeon.
             The game lasted 00:14:09 (5129 turns).

Ordine the Basher (Gargoyle Fighter)                Turns: 5129, Time: 00:14:11

Health: -4/46      AC:  4    Str: 20    XL:     8   Next: 26%
Magic:  17/17      EV:  3    Int: 13    God:    Gozag
Gold:   58         SH:  9    Dex: 11    Spells: 7/7 levels left

rFire    . . .     SeeInvis .   a - +0 flail (freeze)
rCold    . . .     Gourm    .   c - +0 shield
rNeg     + . .     Faith    .   v - +0 plate armour
rPois    ∞         Spirit   .   (no helmet)
rElec    +         Reflect  .   u - +0 cloak
rCorr    .         Harm     .   y - +0 pair of gloves
MR       .....                  w - +0 pair of boots
Stlth    ..........             (no amulet)
Regen    0.2/turn               q - ring of magical power
MPRegen  0.2/turn               b - +4 ring of intelligence

@: corroded
A: negative energy resistance 1, electricity resistance, unbreathing,
petrification resistance, rot immunity, AC +5
a: Potion Petition, Call Merchant, Bribe Branch, Renounce Religion


You were on level 6 of the Dungeon.
You worshipped Gozag.
Gozag was noncommittal.
You were hungry.

You visited 2 branches of the dungeon, and saw 7 of its levels.

You collected 365 gold pieces.
You spent 209 gold pieces at shops.
You paid 98 gold pieces to Gozag.

Inventory:

Hand Weapons
 a - a +0 flail of freezing (weapon)
Armour
 c - a +0 shield (worn)
 u - a +0 cloak (worn)
 v - a +0 plate armour (worn)
 w - a +0 pair of boots (worn)
 y - a +0 pair of gloves (worn)
Jewellery
 b - a +4 ring of intelligence (right hand)
 n - an uncursed amulet of harm
 q - a ring of magical power (left hand)
Wands
 x - a wand of acid (5/15)
Scrolls
 m - 3 scrolls of teleportation
 o - 3 scrolls of remove curse
 t - a scroll of amnesia
Potions
 d - 2 potions of might
 e - a potion of resistance
 g - 4 potions of curing
 i - a potion of lignification
 j - 2 potions of haste {unknown}
 k - 2 potions of degeneration {unknown}
 l - 4 potions of agility {unknown}
 r - 3 potions of heal wounds {unknown}
 A - a potion of mutation {unknown}
 B - 2 potions of berserk rage {unknown}
 C - a potion of flight {unknown}
Books
 s - a book of Battle

   Spells                             Type                      Level
   a - Infusion                       Charms                       1
   b - Shroud of Golubria             Charms/Translocation         2
   c - Song of Slaying                Charms                       2
   d - Spectral Weapon                Hexes/Charms                 3
   e - Regeneration                   Charms/Necromancy            3
Comestibles
 f - 3 bread rations
 h - 2 meat rations
 p - 2 fruits


   Skills:
 - Level 3.2 Fighting
 + Level 9.6 Maces & Flails
 - Level 3.2 Armour
 - Level 3.2 Shields


You had 7 spell levels left.
You didn't know any spells.

Dungeon Overview and Level Annotations

Branches:
Dungeon (6/15)             Temple (1/1) D:6

Altars:
Ashenzari
Cheibriados
Dithmenos
Elyvilon
Fedhas
Gozag
Kikubaaqudgha
Makhleb
Nemelex Xobeh
Qazlal
Ru
Sif Muna
Trog
Uskayaw
Vehumet
Wu Jian
Xom
Yredelemnul
Zin
The Shining One

Shops:
D:6 *


Innate Abilities, Weirdness & Mutations

You are resistant to torment.
Your stone body is resilient. (AC +5)
You are immune to poison.
You resist negative energy. (rN+)
You are resistant to electric shocks. (rElec)
You can survive without breathing.
You are immune to petrification.
You are immune to rotting.


Message History

You block the jelly's attack. The jelly hits you but does no damage.
You barely miss the jelly.
The jelly is severely wounded.
The jelly hits you but does no damage.
You hit the jelly but do no damage.
Your hands burn!
* * * LOW HITPOINT WARNING * * *
The jelly is severely wounded.
The jelly hits you but does no damage.
You hit the jelly. You freeze the jelly. The acid corrodes you!
Your hands burn!
* * * LOW HITPOINT WARNING * * *
The jelly is almost dead.
You hit the jelly. You freeze the jelly.
Your hands burn!
* * * LOW HITPOINT WARNING * * *
The jelly is almost dead.
The jelly hits you.
* * * LOW HITPOINT WARNING * * *
You are splashed with acid!
The acid burns!
You die...
Your body crumbles into a pile of gold.

#.# #.# #.# #.#
#?# #.# ###
####J########
###..
#...@.......#
#....
#.###..####.
#.#.# #.###..###
# #.#
###.##.....##.#
#..
##.#.##........#
###
#..............#
#
##.#......#.##.#
....
#.#####.##... .
####
##....))..####.#


You could see a jelly.

Vanquished Creatures
  An orc warrior (D:6)
  A phantom (D:6)
  An ogre (D:6)
  A bullfrog (D:6)
  A scorpion (D:5)
  4 jellies
  A howler monkey (D:5)
  A crimson imp (D:3)
  A hound (D:5)
  3 orc wizards
  A centaur skeleton (D:5)
  3 iguanas
  Natasha (twice) (D:4)
  A worker ant (D:4)
  A hound zombie (D:5)
  A howler monkey zombie (D:5)
  6 adders
  2 oozes
  A worm (D:3)
  2 leopard geckos
  17 orcs
  4 giant cockroaches
  4 goblins
  11 hobgoblins
  A quokka (D:2)
  A ball python (D:5)
  7 bats
  3 frilled lizards
  5 kobolds
  5 rats
93 creatures vanquished.

Vanquished Creatures (others)
  5 dream sheep (D:5)
  5 fungi (D:6)
10 creatures vanquished.

Grand Total: 103 creatures vanquished

Notes
Turn   | Place    | Note
-------+----------+-------------------------------------------
     0 | D:1      | Ordine the Gargoyle Fighter began the quest for the Orb.
     0 | D:1      | Reached XP level 1. HP: 14/14 MP: 1/1
   201 | D:1      | Reached XP level 2. HP: 19/19 MP: 2/2
   388 | D:1      | Reached skill level 3 in Maces & Flails
   726 | D:2      | Reached XP level 3. HP: 21/23 MP: 3/3
  1160 | D:2      | Reached skill level 4 in Maces & Flails
  1295 | D:3      | Found an ornate altar of the Wu Jian Council.
  1295 | D:3      | Found a blossoming altar of Fedhas.
  1451 | D:3      | Reached XP level 4. HP: 14/28 MP: 4/4
  1921 | D:3      | Found a shimmering altar of Xom.
  1921 | D:3      | Found a burning altar of Makhleb.
  2489 | D:4      | Reached skill level 5 in Maces & Flails
  2489 | D:4      | Reached XP level 5. HP: 32/32 MP: 5/5
  2753 | D:4      | Noticed Natasha
  2763 | D:4      | Killed Natasha
  3213 | D:4      | Noticed Natasha
  3223 | D:4      | Killed Natasha
  3223 | D:4      | Reached skill level 6 in Maces & Flails
  3307 | D:5      | Entered Level 5 of the Dungeon
  3313 | D:5      | Reached XP level 6. HP: 37/37 MP: 6/6
  3772 | D:5      | Reached skill level 7 in Maces & Flails
  3855 | D:5      | Reached XP level 7. HP: 37/41 MP: 7/7
  3912 | D:5      | Found a shimmering altar of Xom.
  3912 | D:5      | Noticed a dream sheep
  3912 | D:5      | Noticed a dream sheep
  3912 | D:5      | Noticed a dream sheep
  3912 | D:5      | Noticed a dream sheep
  3912 | D:5      | Noticed a dream sheep
  3917 | D:5      | Killed a dream sheep
  3917 | D:5      | Killed a dream sheep
  3918 | D:5      | Killed a dream sheep
  3918 | D:5      | Killed a dream sheep
  3918 | D:5      | Killed a dream sheep
  3974 | D:5      | Found a basalt altar of Yredelemnul.
  4437 | D:6      | Reached skill level 8 in Maces & Flails
  4511 | D:6      | Found Qathean's Assorted Antiques.
  4514 | D:6      | Bought a scroll of identify for 56 gold pieces
  4514 | D:6      | Bought a scroll labeled ARAYTU XIFUANWEUNA for 28 gold pieces
  4516 | D:6      | Bought a bubbling amethyst potion for 25 gold pieces
  4516 | D:6      | Bought 2 fuming sapphire potions for 50 gold pieces
  4516 | D:6      | Bought a yellow potion for 25 gold pieces
  4516 | D:6      | Bought a fuming emerald potion for 25 gold pieces
  4648 | D:6      | Found a staircase to the Ecumenical Temple.
  4710 | D:6      | Reached skill level 9 in Maces & Flails
  4710 | D:6      | Reached XP level 8. HP: 39/46 MP: 8/8
  4714 | Temple   | Entered the Ecumenical Temple
  4873 | Temple   | Became a worshipper of Gozag Ym Sagoz the Greedy
  5129 | D:6      | Splashed by a jelly's acid

Vault maps used:
D:1:      onia_arrival_pyramid, serial_glass, glass_columns_a, glass_columns_a
D:3:      grunt_temple_overflow_champion_of_chaos,
          chequers_temple_overflow_statue_of_worship
D:4:      uniq_natasha
D:5:      lemuel_doored_altar, first_bread, kb_xom_exploding_sheep
D:6:      lemuel_slime, lemuel_coloured_pillars_altar,
          minmay_temple_entry_statues_fountains, serial_shops, kennysheep_mini
Temple:   regret_index_temple_waves

Skill      XL: |  1  2  3  4  5  6  7 |
---------------+----------------------+-----
Maces & Flails | 3 4 5 6 7 9 |  9.6
Fighting       | |  3.2
Armour         | |  3.2
Shields        | |  3.2

Action                   |  1- 3 |  4- 6 |  7- 9 || total
-------------------------+-------+-------+-------++-------
Melee: Flail             |   127 |   145 |   121 ||   393
  Use: Scroll            |     6 |     3 |     3 ||    12
       Potion            |       |       |     1 ||     1
  Eat: Chunk             |     1 |     9 |     3 ||    13
Armor: Scale mail        |    74 |    38 |       ||   112
       Plate armour      |       |    29 |    51 ||    80
       Skin              |       |       |    10 ||    10
Dodge: Dodged            |    50 |    33 |    11 ||    94
Block: Shield            |    72 |    67 |    38 ||   177
